 Dungeon Crawl Stone Soup version 0.24.0-13-gcf9b319 (webtiles) character file.

Game seed: 5209640298090392653, levelgen mode: deterministic

3698 Bronimir the Magician (level 10, -13/77 HPs)
             Began as a Gnoll Skald on Apr 16, 2020.
             Was an Initiate of Kikubaaqudgha.
             Mangled by Grum
             ... wielding a +0 spear
              (22 damage)
             ... on level 8 of the Dungeon.
             The game lasted 00:19:43 (7754 turns).

Bronimir the Magician (Gnoll Skald)                 Turns: 7754, Time: 00:19:44

Health: -13/77     AC: 10    Str: 16    XL:     10   Next: 13%
Magic:  7/20       EV: 15    Int: 16    God:    Kikubaaqudgha [......]
Gold:   414        SH:  3    Dex: 15    Spells: 12/23 levels left

rFire    . . .     SeeInvis .   a - +5 falchion (freeze)
rCold    . . .     Gourm    .   (no shield)
rNeg     . . .     Faith    .   i - +0 ring mail
rPois    +         Spirit   .   I - +2 helmet
rElec    .         Reflect  +   (no cloak)
rCorr    .         Harm     .   (no gloves)
MR       .....                  B - +0 pair of boots (curse)
Stlth    ++........             o - +3 amulet of reflection
HPRegen  1.22/turn              z - ring of poison resistance
MPRegen  0.17/turn              R - ring of flight

@: infused (expiring), regenerating
A: distributed training, fangs 1, strong nose
a: Renounce Religion, Evoke Flight


You were on level 8 of the Dungeon.
You worshipped Kikubaaqudgha.
Kikubaaqudgha was noncommittal.
You were very hungry.

You visited 2 branches of the dungeon, and saw 9 of its levels.

You collected 414 gold pieces.

Inventory:

Hand Weapons
 a - a +5 falchion of freezing (weapon)
 b - a +0 shortbow
 k - a +0 spear
 D - a +0 hand axe
 G - a +0 hunting sling
 J - a +1 hand axe of venom
 P - a +0 trident of venom
 Q - a +2 dire flail of protection
Missiles
 f - 256 stones
 q - 32 poisoned darts (quivered)
 u - 15 boomerangs
 w - 67 arrows
 y - 86 bolts
Armour
 c - a +0 leather armour
 i - a +0 ring mail (worn)
 B - a cursed +0 pair of boots (worn)
 I - a +2 helmet (worn)
Jewellery
 o - a +3 amulet of reflection (around neck)
 z - a ring of poison resistance (left hand)
 H - an uncursed amulet of regeneration {unknown}
 R - a ring of flight (right hand)
Wands
 t - a wand of acid (9)
 C - a wand of polymorph (6)
 M - a wand of random effects (25)
 N - a wand of digging (5)
Scrolls
 e - 2 scrolls of amnesia {unknown}
 g - 3 scrolls of remove curse {unknown}
 h - a scroll of blinking {unknown}
 j - 10 scrolls of identify {unknown}
 l - 3 scrolls of enchant armour {unknown}
 x - 6 scrolls of teleportation {unknown}
 E - a scroll of fear {unknown}
 F - a scroll of fog {unknown}
 S - a scroll of immolation {unknown}
Potions
 m - 2 potions of curing {unknown}
 n - 3 potions of lignification {unknown}
 p - 3 potions of agility {unknown}
 r - 2 potions of flight {unknown}
 s - a potion of heal wounds
 v - a potion of resistance {unknown}
 A - a potion of cancellation {unknown}
 K - 2 potions of mutation {unknown}
 L - a potion of berserk rage {unknown}
 O - a potion of magic {unknown}
Comestibles
 d - 18 rations


   Skills:
 + Level 6.8 Fighting
 + Level 4.9 Short Blades
 + Level 4.9 Long Blades
 + Level 6.8 Axes
 + Level 4.9 Maces & Flails
 + Level 4.9 Polearms
 + Level 4.9 Staves
 + Level 4.9 Slings
 + Level 4.9 Bows
 + Level 4.9 Crossbows
 + Level 4.9 Throwing
 + Level 5.6 Armour
 + Level 6.8 Dodging
 + Level 4.9 Stealth
 + Level 4.9 Shields
 + Level 4.9 Unarmed Combat
 + Level 7.1 Spellcasting
 + Level 4.0 Conjurations
 + Level 4.0 Hexes
 + Level 6.9 Charms
 + Level 4.0 Summonings
 + Level 4.0 Necromancy
 + Level 4.0 Translocations
 + Level 4.0 Transmutations
 + Level 4.0 Fire Magic
 + Level 4.0 Ice Magic
 + Level 4.0 Air Magic
 + Level 4.0 Earth Magic
 + Level 4.0 Poison Magic
 + Level 5.3 Invocations
 + Level 4.9 Evocations


You had 12 spell levels left.
You knew the following spells:

 Your Spells              Type           Power        Failure   Level  Hunger
a - Infusion              Chrm           ####         1%          1    None
b - Song of Slaying       Chrm           ####....     1%          2    None
c - Shroud of Golubria    Chrm/Tloc      ###...       3%          2    None
d - Regeneration          Chrm/Necr      ###.......   7%          3    ##.....
e - Spectral Weapon       Hex/Chrm       ###.....     7%          3    ##.....

Your spell library contained the following spells:

 Spells                   Type           Power        Failure   Level  Hunger


Dungeon Overview and Level Annotations

Branches:
Dungeon (8/15)             Temple (1/1) D:7
   Lair: D:8-11

Altars:
Ashenzari
Cheibriados
Dithmenos
Elyvilon
Fedhas
Gozag
Hepliaklqana
Kikubaaqudgha
Nemelex Xobeh
Okawaru
Qazlal
Ru
Sif Muna
Trog
Uskayaw
Vehumet
Wu Jian
Xom
Yredelemnul
Zin
The Shining One
Beogh

Shops:
D:6 (

Annotations:
D:7 3 runed translucent doors, Whoops's ghost, novice DsFi
D:8 Grum


Innate Abilities, Weirdness & Mutations

Your experience applies equally to all skills.
You have very sharp teeth.
Your uncanny sense of smell can sniff out nearby items.


Message History

Grum closely misses you.
Your magical infusion is running out.
Grum misses you.
You riposte.
You hit Grum. You freeze Grum. Your bite misses Grum.
Grum is lightly wounded.
You see here a wolf corpse.
You hit Grum! You freeze Grum. Your punch misses Grum.
Grum is heavily wounded.
Grum closely misses you.
You hit Grum. You freeze Grum.
Grum is heavily wounded.
Grum hits you with a +0 spear.
* * * LOW HITPOINT WARNING * * *
Casting: Regeneration (safe; 7% risk of failure)
Confirm with . or Enter, or press ? or * to list all spells.
Your skin crawls.
Grum hits you with a +0 spear!
* * * LOW HITPOINT WARNING * * *
Grum hits you from afar with a +0 spear!!
You die...
Kikubaaqudgha rasps: "You have failed me!
Welcome... death!"

#.#.#####..# ∆
#.#.#......#
#.###.###.##
#.##......##...
#......#..#####.#
∆ #.####)#..# #
####.#..#
#....#..#
#@#.....#
#†#.....#
#...g...#####
##..###.# #.. #.#
#) .<. #. #### ∆
. ##


You could see Grum.

Vanquished Creatures
  Sigmund (D:3)
  Eustachio (D:6)
  Menkaure (D:4)
  Duvessa (D:6)
  2 orc warriors (D:6)
  A black bear (D:8)
  A sky beast (D:6)
  3 ice beasts
  4 ogres
  4 wolves (D:8)
  2 centaurs
  3 phantoms
  5 bullfrogs
  Dowan (D:6)
  A scorpion (D:5)
  4 howler monkeys (D:7)
  A crimson imp (D:5)
  A bullfrog zombie (D:5)
  2 hounds
  3 jellies
  4 orc wizards
  A centaur skeleton (D:6)
  An orc priest (D:6)
  2 bullfrog skeletons
  2 iguanas
  A killer bee zombie (D:8)
  A howler monkey zombie (D:6)
  A howler monkey skeleton (D:5)
  14 adders
  A shadow imp (D:6)
  3 oozes
  An adder skeleton (D:4)
  3 worms
  3 dart slugs
  7 leopard geckos
  35 orcs
  6 giant cockroaches
  6 hobgoblins
  5 jackals
  10 kobolds
  7 quokkas
  11 bats
  10 frilled lizards
  6 goblins
  11 rats
  A plant (D:5)
195 creatures vanquished.

Vanquished Creatures (others)
  A spectral weapon (D:6)
1 creature vanquished.

Grand Total: 196 creatures vanquished

Notes
Turn   | Place    | Note
-------+----------+-------------------------------------------
     0 | D:1      | Bronimir the Gnoll Skald began the quest for the Orb.
     0 | D:1      | Reached XP level 1. HP: 20/20 MP: 6/6
    95 | D:1      | Reached XP level 2. HP: 15/26 MP: 3/7
   337 | D:1      | Reached XP level 3. HP: 28/31 MP: 9/9
   561 | D:1      | Reached skill level 5 in Spellcasting
   936 | D:2      | Learned a level 2 spell: Song of Slaying
   939 | D:2      | Learned a level 2 spell: Shroud of Golubria
   966 | D:2      | Reached skill level 1 in Invocations
  1077 | D:2      | Reached skill level 1 in Short Blades
  1077 | D:2      | Reached skill level 1 in Long Blades
  1077 | D:2      | Reached skill level 1 in Maces & Flails
  1077 | D:2      | Reached skill level 1 in Polearms
  1077 | D:2      | Reached skill level 1 in Staves
  1077 | D:2      | Reached skill level 1 in Slings
  1077 | D:2      | Reached skill level 1 in Bows
  1077 | D:2      | Reached skill level 1 in Crossbows
  1077 | D:2      | Reached skill level 1 in Throwing
  1077 | D:2      | Reached skill level 1 in Stealth
  1077 | D:2      | Reached skill level 1 in Shields
  1077 | D:2      | Reached skill level 1 in Unarmed Combat
  1077 | D:2      | Reached skill level 1 in Evocations
  1206 | D:2      | Reached XP level 4. HP: 38/38 MP: 11/11
  1431 | D:2      | Found a glowing silver altar of Zin.
  1567 | D:2      | Reached skill level 1 in Conjurations
  1567 | D:2      | Reached skill level 1 in Hexes
  1567 | D:2      | Reached skill level 1 in Summonings
  1567 | D:2      | Reached skill level 1 in Necromancy
  1567 | D:2      | Reached skill level 1 in Translocations
  1567 | D:2      | Reached skill level 1 in Transmutations
  1567 | D:2      | Reached skill level 1 in Fire Magic
  1567 | D:2      | Reached skill level 1 in Ice Magic
  1567 | D:2      | Reached skill level 1 in Air Magic
  1567 | D:2      | Reached skill level 1 in Earth Magic
  1567 | D:2      | Reached skill level 1 in Poison Magic
  2189 | D:3      | Reached XP level 5. HP: 33/43 MP: 7/12
  2701 | D:3      | Reached XP level 6. HP: 46/50 MP: 9/13
  2712 | D:3      | Noticed Sigmund
  2737 | D:3      | Killed Sigmund
  2737 | D:3      | Reached skill level 5 in Fighting
  2737 | D:3      | Reached skill level 5 in Axes
  2737 | D:3      | Reached skill level 5 in Dodging
  3345 | D:4      | Reached XP level 7. HP: 39/56 MP: 10/15
  3612 | D:4      | Noticed Menkaure
  3621 | D:4      | Killed Menkaure
  3867 | D:4      | Learned a level 3 spell: Regeneration
  3871 | D:4      | Learned a level 3 spell: Spectral Weapon
  4184 | D:4      | Found a bloodstained altar of Trog.
  4253 | D:5      | Entered Level 5 of the Dungeon
  4852 | D:5      | Reached XP level 8. HP: 62/63 MP: 6/16
  5473 | D:6      | Found Atyehin's Weapon Boutique.
  5495 | D:6      | Noticed Eustachio
  5517 | D:6      | Killed Eustachio
  5517 | D:6      | Reached skill level 6 in Spellcasting
  5766 | D:6      | Reached XP level 9. HP: 35/69 MP: 3/18
  5976 | D:6      | Noticed Dowan
  5979 | D:6      | Noticed Duvessa
  5986 | D:6      | Killed Duvessa
  5989 | D:6      | Killed Dowan
  6004 | D:6      | Found a runed translucent door.
  6110 | D:6      | Found a shadowy altar of Dithmenos.
  6299 | D:6      | Reached skill level 5 in Armour
  6363 | D:6      | Found a roughly hewn altar of Beogh.
  6672 | D:7      | Found a staircase to the Ecumenical Temple.
  6784 | Temple   | Entered the Ecumenical Temple
  7017 | Temple   | Became a worshipper of Kikubaaqudgha
  7088 | D:7      | Reached skill level 5 in Invocations
  7199 | D:7      | Found a shimmering blue altar of Sif Muna.
  7269 | D:7      | Found a runed translucent gate.
  7270 | D:7      | Found a runed translucent gate.
  7271 | D:7      | Found a runed translucent gate.
  7412 | D:7      | Noticed Whoops's ghost (novice DsFi)
  7672 | D:8      | Reached XP level 10. HP: 77/77 MP: 20/20
  7714 | D:8      | Reached skill level 7 in Spellcasting
  7727 | D:8      | Noticed Grum
  7754 | D:8      | Mangled by Grum

Levels and vault maps discovered:
D:1:      dpeg_arrival_ratfight, layout_basic, serial_rivers,
          chequers_serial_rivers_micro_d, chequers_serial_rivers_room_a,
          chequers_serial_rivers_large_b, chequers_serial_rivers_micro_e,
          chequers_serial_rivers_room_b, chequers_serial_rivers_small_a
D:2:      layout_loops_corners, old_standard_altar
D:3:      minmay_bubble_buster, layout_rooms, uniq_sigmund
D:4:      layout_basic, nicolae_overflow_crystal_walls, first_ration,
          serial_glass, glass_columns_a, glass_columns_a,
          kennysheep_generic_room_9, uniq_menkaure
D:5:      layout_loops_ring, minmay_door_square, hangedman_decor_growths,
          serial_bayou_lake_a
D:6:      layout_rooms, nicolae_dithmenos_the_darkroom, serial_shops, shop,
          lightli_church_of_beogh, uniq_duvessa, uniq_eustachio
D:7:      layout_basic, minmay_temple_entry_sparse_star, gammafunk_ghost_icy,
          lemuel_tele_altar
D:8:      layout_basic, nicolae_overflow_hidden_temple, kennysheep_mini,
          serial_shops, nicolae_shop_crystal, shop, uniq_prince_ribbit1,
          uniq_grum
Temple:   minmay_crystal_spiral_temple

Skill      XL: |  1  2  3  4  5  6  7  8  9 10 |
---------------+-------------------------------+-----
Spellcasting   | 5 6 7 |  7.1
Invocations    | 1 2 3 4 5 |  5.3
Short Blades   | 1 2 3 4 |  4.9
Long Blades    | 1 2 3 4 |  4.9
Maces & Flails | 1 2 3 4 |  4.9
Polearms       | 1 2 3 4 |  4.9
Staves         | 1 2 3 4 |  4.9
Slings         | 1 2 3 4 |  4.9
Bows           | 1 2 3 4 |  4.9
Crossbows      | 1 2 3 4 |  4.9
Throwing       | 1 2 3 4 |  4.9
Stealth        | 1 2 3 4 |  4.9
Shields        | 1 2 3 4 |  4.9
Unarmed Combat | 1 2 3 4 |  4.9
Evocations     | 1 2 3 4 |  4.9
Conjurations   | 1 2 3 4 |  4.0
Hexes          | 1 2 3 4 |  4.0
Summonings     | 1 2 3 4 |  4.0
Necromancy     | 1 2 3 4 |  4.0
Translocations | 1 2 3 4 |  4.0
Transmutations | 1 2 3 4 |  4.0
Fire Magic     | 1 2 3 4 |  4.0
Ice Magic      | 1 2 3 4 |  4.0
Air Magic      | 1 2 3 4 |  4.0
Earth Magic    | 1 2 3 4 |  4.0
Poison Magic   | 1 2 3 4 |  4.0
Armour         | 3 4 5 |  5.6
Fighting       | 5 6 |  6.8
Axes           | 5 6 |  6.8
Dodging        | 5 6 |  6.8
Charms         | 6 |  6.9

Action                   |  1- 3 |  4- 6 |  7- 9 | 10-12 || total
-------------------------+-------+-------+-------+-------++-------
Melee: Hand axe          |    89 |   178 |   186 |       ||   453
       Bite              |     9 |    16 |    41 |     7 ||    73
       Punch             |       |     1 |    10 |     1 ||    12
       Falchion          |       |       |   155 |    45 ||   200
 Fire: Shortbow          |       |       |    13 |       ||    13
Throw: Dart              |       |     6 |       |       ||     6
 Cast: Infusion          |     5 |    13 |    13 |     1 ||    32
       Shroud of Golubri |       |     3 |     6 |       ||     9
       Regeneration      |       |       |     3 |     2 ||     5
       Spectral Weapon   |       |       |     2 |       ||     2
 Stab: Sleeping          |     3 |       |     5 |       ||     8
       Distracted        |       |       |     1 |       ||     1
  Eat: Chunk             |     1 |     7 |    14 |       ||    22
Armor: Leather armour    |    11 |    40 |     4 |       ||    55
       Ring mail         |       |       |   105 |    21 ||   126
Dodge: Dodged            |    64 |   190 |   249 |    49 ||   552
Block: Other             |       |     2 |    42 |    10 ||    54
       Reflection        |       |       |     1 |       ||     1
       Rpst.: Falchion   |       |       |    38 |    11 ||    49
